 Dungeon Sprint DCSS version 0.24-a0-243-g8f5f5cd (webtiles) character file.

Game seed: 9271234595737375789

58 MikeHunt the Cudgeler (level 4, -2/63 HPs)
             Began as a Naga Fighter on Apr 10, 2019.
             Was an Initiate of Gozag.
             Splashed by an oklob sapling priest's acid (15 damage)
             ... in the Dungeon (Sprint IV: "Fedhas' Mad Dash").
             The game lasted 00:01:31 (312 turns).

MikeHunt the Cudgeler (Naga Fighter)                 Turns: 312, Time: 00:01:31

Health: -2/63      AC:  0    Str: 23    XL:     4   Next: 1%
Magic:  4/4        EV:  7    Int:  9    God:    Gozag
Gold:   47         SH:  0    Dex: 11    Spells: 3/3 levels left

rFire    . . .     SeeInvis +   a - +0 flail
rCold    . . .     Gourm    .   (no shield)
rNeg     . . .     Faith    .   b - +0 scale mail
rPois    +         Spirit   .   (no helmet)
rElec    .         Reflect  .   (no cloak)
rCorr    .         Harm     .   (no gloves)
MR       .....     NoTele   +   (no barding)
Stlth    ..........             n - amulet of invisibility {+Inv}
HPRegen  0.20/turn              (no ring)
MPRegen  0.09/turn              (no ring)

@: berserking, corroded, very slightly contaminated, quick
A: large, see invisible, deformed body, poison resistance, slowness 2, slow
metabolism 1, spit poison 1, AC +1
a: Spit Poison, Potion Petition, Call Merchant, Bribe Branch, Renounce Religion,
Evoke Invisibility


You were in the Dungeon.
You worshipped Gozag.
Gozag was noncommittal.
You were not hungry.

You visited 1 branch You collected 47 gold pieces.

Inventory:

Hand Weapons
 a - a +0 flail (weapon)
Missiles
 j - 6 needles of frenzy
Armour
 b - a +0 scale mail (worn)
 c - a +0 shield
Jewellery
 n - the amulet of invisibility (around neck) {+Inv}
   (You found it in the Dungeon)

   [amulet of nothing]

   It lets you turn invisible.
Scrolls
 k - a scroll of blinking
 m - a scroll of enchant weapon {unknown}
Potions
 d - a potion of might
 e - a potion of curing
 g - a potion of heal wounds
 h - a potion of haste
 i - 2 potions of magic
Comestibles
 f - a ration
 l - 3 chunks of flesh {@w1}


   Skills:
 - Level 3.0 Fighting
 + Level 7.7 Maces & Flails
 - Level 2.4 Armour
 - Level 2.4 Shields


You had 3 spell levels left.
You didn't know any spells.
Your spell library was empty.

Dungeon Overview and Level Annotations

Branches:
Dungeon (1/1)

Altars:
Cheibriados
Dithmenos
Elyvilon
Gozag
Hepliaklqana
Kikubaaqudgha
Makhleb
Nemelex Xobeh
Okawaru
Qazlal
Ru
Sif Muna
Trog
Uskayaw
Vehumet
Wu Jian
Xom
Yredelemnul
Zin
The Shining One
Beogh
Jiyva
Lugonu

Annotations:
D exclusion: oklob sapling


Innate Abilities, Weirdness & Mutations

You cannot wear boots.
Your serpentine skin is tough. (AC +1)
You have supernaturally acute eyesight. (SInv)
Armour fits poorly on your strangely shaped body.
Your system is resistant to poisons. (rPois)
You cover ground very slowly.
You have a slow metabolism.
You can spit poison.


Message History

[a] - 0 gold - heal wounds, berserk rage, curing and magic [b] - 0 gold - resistance, might and agility [c] - 0 gold - haste, flight, resistance, might and agility Purchase which effect?
You feel much better.
A red film seems to cover your vision as you go berserk!
You feel yourself moving faster!
You feel mighty!
You feel better. Magic courses through your body.
You sock the oklob sapling priest!
The oklob sapling priest is severely damaged.
The oklob sapling priest spits acid at you.
The splash of acid hits you!
You are splashed with acid!
You hit the oklob sapling priest but do no damage.
The oklob sapling priest is severely damaged.
The oklob sapling priest spits acid at you.
The splash of acid hits you!
* * * LOW HITPOINT WARNING * * *
You are splashed with acid!
You die...
Your body crumbles into a pile of gold.

########################
....#.....#.⌠._._._._.⌠.
$ $
....'.#...'.._._._._._..
$ $
....#.#...#..._.@P_._...
########+##.._._._._._..
$ #._._._._._.⌠. $
$############## $ $$ $


You could see an oklob sapling priest.

Vanquished Creatures
  An oklob sapling (D)
  A worker ant (D)
  A river rat (D)
  A rat (D)
4 creatures vanquished.

Notes
Turn   | Place    | Note
-------+----------+-------------------------------------------
     0 | D        | MikeHunt the Naga Fighter began the quest for the Orb.
     0 | D        | Reached XP level 1. HP: 21/21 MP: 1/1
    11 | D        | Reached skill level 4 in Maces & Flails
    11 | D        | Reached XP level 2. HP: 21/28 MP: 2/2
    90 | D        | Noticed an oklob sapling
    93 | D        | Killed an oklob sapling
    93 | D        | Reached skill level 6 in Maces & Flails
    93 | D        | Reached XP level 3. HP: 18/34 MP: 3/3
    96 | D        | Found the amulet of invisibility {+Inv}
    97 | D        | Reached skill level 7 in Maces & Flails
    97 | D        | Reached XP level 4. HP: 19/42 MP: 4/4
   297 | D        | Found an opulent altar of Gozag.
   297 | D        | Found a hazy altar of Hepliaklqana.
   297 | D        | Found a burning altar of Makhleb.
   297 | D        | Found a roughly hewn altar of Beogh.
   297 | D        | Found a sparkling altar of Nemelex Xobeh.
   297 | D        | Found a snail-covered altar of Cheibriados.
   297 | D        | Found a sacrificial altar of Ru.
   297 | D        | Found a deep blue altar of Sif Muna.
   297 | D        | Found a shimmering altar of Xom.
   297 | D        | Found a basalt altar of Yredelemnul.
   298 | D        | Found a viscous altar of Jiyva.
   298 | D        | Found a bloodstained altar of Trog.
   298 | D        | Found an ornate altar of the Wu Jian Council.
   298 | D        | Noticed an oklob sapling priest
   299 | D        | Found an iron altar of Okawaru.
   299 | D        | Found a shadowy altar of Dithmenos.
   299 | D        | Found a glowing silver altar of Zin.
   300 | D        | Found an ancient bone altar of Kikubaaqudgha.
   300 | D        | Found a hide-covered altar of Uskayaw.
   301 | D        | Found a stormy altar of Qazlal.
   301 | D        | Found a white marble altar of Elyvilon.
   301 | D        | Found a glowing golden altar of the Shining One.
   302 | D        | Became a worshipper of Gozag Ym Sagoz the Greedy
   303 | D        | Found a radiant altar of Vehumet.
   303 | D        | Found a corrupted altar of Lugonu.
   312 | D        | Splashed by an oklob sapling priest's acid

Levels and vault maps discovered:
D:        dungeon_sprint_fedhas [sprint_temple]

Skill      XL: |  1  2  3 |
---------------+----------+-----
Maces & Flails | 4 6 7 |  7.7
Fighting       | |  3.0
Armour         | |  2.4
Shields        | |  2.4

Action                   |  1- 3 |  4- 6 || total
-------------------------+-------+-------++-------
Melee: Flail             |     7 |     6 ||    13
Invok: Potion Petition   |       |     1 ||     1
 Abil: Spit Poison       |     2 |       ||     2
       Evoke Invisibilit |       |     1 ||     1
  Use: Potion            |     1 |       ||     1
Armor: Scale mail        |     1 |       ||     1
Dodge: Dodged            |     1 |       ||     1

Table legend:
 A = Non-vault XP
 B = Vault XP
 C = Vault XP percentage of total XP
 D = Non-vault monster count
 E = Vault monster count
 F = Vault count percentage of total count
                 A         B        C        D         E       F
            +---------+---------+-------+---------+---------+-------
      Total |       0 |      83 | 100.0 |       0 |       4 | 100.0
            +---------+---------+-------+---------+---------+-------
          D |       0 |      83 | 100.0 |       0 |       4 | 100.0
            +---------+---------+-------+---------+---------+-------
